 Dungeon Crawl Stone Soup version 0.31.0 (webtiles) character file.

Game seed: 9043002013918995199

38 qw the Shooter (level 3, 0/22 HPs)
             Began as a Gargoyle Hunter on Jan 19, 2024.
             Slain by Natasha (5 damage)
             ... on level 2 of the Dungeon.
             The game lasted 00:00:05 (1459 turns).

qw the Shooter (Gargoyle Hunter)                    Turns: 1459, Time: 00:00:06

Health: 0/22       AC:  6    Str: 14    XL:     3   Next: 43%
Magic:  3/3        EV: 11    Int:  9    God:
Gold:   105        SH:  0    Dex: 15    Spells: 2/2 levels left

rFire   . . .        a - +0 shortbow
rCold   . . .        (shield currently unavailable)
rNeg    + . .        c - +0 leather armour
rPois   inf          (no helmet)
rElec   +            (no cloak)
rCorr   .            (no gloves)
SInv    .            (no boots)
Will    .....        (no amulet)
Stlth   ++           (no ring)
HPRegen 0.23/turn    (no ring)
MPRegen 0.08/turn

%: no passive effects
@: no status effects
A: sickness immunity, AC +3, negative energy resistance 1, electricity
resistance, torment resistance 1, petrification resistance
a: no special abilities


You were on level 2 of the Dungeon.
You visited 1 branch of the dungeon, and saw 2 of its levels.

You collected 105 gold pieces.


Innate Abilities, Weirdness & Mutations

You are immune to sickness and miasma.
Your stone body is resilient. (AC +3)
You are immune to poison.
You resist negative energy. (rN+)
You are resistant to electric shocks. (rElec)
You are resistant to unholy torment.
You are immune to petrification.


   Skills:
 + Level 2.6 Fighting
 - Level 5.0 Ranged Weapons
 - Level 1.5 Dodging
 - Level 1.1 Stealth


You had 2 spell levels left.
You didn't know any spells.
Your spell library was empty.

Inventory:

Hand Weapons
 a - a +0 shortbow (weapon)
Armour
 c - a +0 leather armour (worn)
Potions
 b - a potion of might
 e - a potion of curing {unknown}

Dungeon Overview and Level Annotations

Branches:
Dungeon (2/15)

Altars:

Annotations:
D:2 Natasha


Message History

A frilled lizard comes into view.
You shoot an arrow. The frilled lizard hisses angrily.
The arrow hits the frilled lizard!
You kill the frilled lizard!
A bat comes into view.
A frilled lizard comes into view.
Natasha, Servant of Life and Death comes into view.
You shoot an arrow. The arrow hits the bat.
You kill the bat!
Natasha casts a spell.
You shoot an arrow. The arrow hits the frilled lizard.
You kill the frilled lizard!
Natasha stares at you and mumbles some strange words.
The magic dart hits you.
You shoot an arrow.
The arrow closely misses the cerulean imp.
You shoot an arrow. The arrow hits the cerulean imp!
The cerulean imp is severely wounded.
The cerulean imp hits you from afar with a +0 spear.
Natasha casts a spell.
The cerulean imp hits you from afar with a +0 spear.
Enter note:
Enter note:
Enter note:
Enter note: You shoot an arrow.
The arrow hits the cerulean imp.
The cerulean imp is severely wounded.
The cerulean imp barely misses you.
You shoot an arrow.
The arrow closely misses the cerulean imp.
The cerulean imp hits you from afar with a +2 spear.
The cerulean imp hits you but does no damage.
You shoot an arrow. The arrow closely misses Natasha.
The arrow hits the cerulean imp!
You kill the cerulean imp!
The cerulean imp disappears in a puff of smoke!
The cerulean imp hits you from afar with a +2 spear.
Natasha claws you.
You die...
Natasha begins licking her fur clean.

..........%#### ##.##...
. ...........# #.##.#. .
...........# #.##.#.
...........#######.##.#.
................##....#.
...........(....####..#.
................# #....
................# #.##.
.......@........# #.##.
.......h.5......# #.##.
.......ยค........# #..#.
......##........# ##.#.
...... .........# .#.
...... ......... .#.
...... ....... .#. .....
.......


You could see Natasha and a cerulean imp (summoned).

Vanquished Creatures
  A ribbon worm (D:2)
  4 bats
  3 endoplasms (D:1)
  A giant cockroach (D:1)
  3 goblins
  2 hobgoblins
  2 jackals (D:2)
  2 kobolds (D:2)
  A quokka (D:1)
  3 ball pythons
  6 frilled lizards
  5 rats
33 creatures vanquished.

Notes
Turn   | Place    | Note
-------+----------+-------------------------------------------
     0 | D:1      | qw the Gargoyle Hunter began the quest for the Orb.
     0 | D:1      | Reached XP level 1. HP: 12/12 MP: 1/1
     0 | D:1      | 0 ||| qw: Version: 0.3-a-132-g3d54051
     0 | D:1      | 0 ||| qw: Game counter: 100
     0 | D:1      | 0 ||| qw: Melee chars always use a shield: true
     0 | D:1      | 0 ||| qw: God list: Okawaru
     0 | D:1      | 0 ||| qw: Allow faded altars: false
     0 | D:1      | 0 ||| qw: Do Orc after clearing Dungeon:15 true
     0 | D:1      | 0 ||| qw: Do second Lair branch before Depths: true
     0 | D:1      | 0 ||| qw: Lair rune preference: random
     0 | D:1      | 0 ||| qw: Goals: Normal
     0 | D:1      | 0 ||| PLANNING D:1-11
   267 | D:1      | Reached XP level 2. HP: 17/17 MP: 2/2
   965 | D:1      | 965 ||| READING scroll labelled UPNYBIQEMP.
   966 | D:1      | 966 ||| READING scroll labelled KEITHR XYAS.
   966 | D:1      | 966 ||| ENCHANTING +0 shortbow.
   967 | D:1      | 967 ||| DROPPING scroll of butterflies.
  1110 | D:2      | Reached XP level 3. HP: 21/21 MP: 3/3
  1242 | D:2      | Reached skill level 5 in Ranged Weapons
  1340 | D:2      | 1340 ||| FLEEEEING.
  1349 | D:2      | 1349 ||| STAIRDANCE
  1365 | D:1      | 1365 ||| READING scroll labelled YPEUS CICVI.
  1366 | D:1      | 1366 ||| READING scroll labelled TAKKOTS KAERCHI.
  1366 | D:1      | 1366 ||| IDENTIFYING murky cyan potion
  1452 | D:2      | Noticed Natasha
  1459 | D:2      | HP: 5/22 [cerulean imp/+2 spear[Natasha] (5)]
  1459 | D:2      | Slain by Natasha

Levels and vault maps discovered:
D:1:      minmay_arrival_four_houses, layout_basic
D:2:      layout_basic, minmay_split_cup_small, uniq_natasha

Skill      XL: |  1  2  3 |
---------------+----------+-----
Ranged Weapons | 5 |  5.0
Fighting       | |  2.6
Dodging        | |  1.5
Stealth        | |  1.1

Action                     || total
---------------------------++-------
   Fire: Shortbow          ||   109
    Use: Scroll            ||     4
 Armour: Leather armour    ||    30
  Dodge: Dodged            ||    14

Table legend:
 A = Non-vault XP
 B = Vault XP
 C = Vault XP percentage of total XP
 D = Non-vault monster count
 E = Vault monster count
 F = Vault count percentage of total count
                 A         B        C        D         E       F
            +---------+---------+-------+---------+---------+-------
      Total |      50 |       5 |   9.1 |      30 |       3 |   9.1
            +---------+---------+-------+---------+---------+-------
        D:1 |      27 |       0 |   0.0 |      17 |       0 |   0.0
        D:2 |      23 |       5 |  17.9 |      13 |       3 |  18.8
            +---------+---------+-------+---------+---------+-------
